 Dungeon Crawl Stone Soup version 0.29.1-12-g30fa7ad0bf (webtiles) character file.

Game seed: 15418819385576168942

1099 hawla the Firebug (level 8, -1/58 HPs)
             Began as a Meteoran Fire Elementalist on Jan 13, 2023.
             Slain by an iguana (6 damage)
             ... on level 6 of the Dungeon.
             The game lasted 00:09:56 (1637 turns).

hawla the Firebug (Meteoran Fire Elementalist)      Turns: 1637, Time: 00:09:57

Health: -1/58      AC:  4    Str: 17    XL:     8   Next: 88%
Magic:  7/17       EV: 14    Int: 19    God:
Gold:   151        SH:  0    Dex: 21    Spells: 7/18 levels left

rFire   + . .      SeeInvis .   (no weapon)
rCold   . . .      Faith    .   (no shield)
rNeg    . . .      Spirit   .   a - +0 robe
rPois   .          Reflect  .   (no helmet)
rElec   .          Harm     .   (no cloak)
rCorr   .          Rampage  +   i - +1 pair of gloves "Magroba" {Rampage *Corrode rF+ Str+2}
Will    +....                   (no boots)
Stlth   +.........              (no amulet)
HPRegen 0.19/turn               f - +6 ring of strength
MPRegen 0.15/turn               p - +6 ring of dexterity

@: about to teleport, glowing
A: sense surroundings 1, otherworldly, glowing, explore regen
a: no special abilities


You were on level 6 of the Dungeon.
You visited 2 branches of the dungeon, and saw 7 of its levels.

You collected 199 gold pieces.
You spent 48 gold pieces at shops.

Inventory:

Armour
 a - a +0 robe (worn)
 i - the +1 pair of gloves "Magroba" (worn) {Rampage *Corrode rF+ Str+2}
   (You found it on level 4 of the Dungeon)

   Str:       It affects your strength (+2).
   rF:        It protects you from fire.
   *Corrode:  It may corrode you when you take damage.
   Rampage:   It bestows one free step when moving towards enemies.
Jewellery
 f - a +6 ring of strength (left hand)
 p - a +6 ring of dexterity (right hand)
Wands
 o - a wand of iceblast (8)
Scrolls
 e - 2 scrolls of amnesia
 g - a scroll of identify
 m - a scroll of enchant weapon {unknown}
Potions
 b - 2 potions of magic
 c - a potion of brilliance
 d - a potion of curing
 h - 2 potions of mutation {unknown}
 j - a potion of invisibility {unknown}
 k - a potion of might {unknown}
 l - 2 potions of flight {unknown}


   Skills:
 - Level 0.5 Fighting
 - Level 3.3 Dodging
 - Level 1.5 Stealth
 - Level 5.6 Spellcasting
 - Level 5.0 Conjurations
 + Level 5.9 Necromancy
 - Level 6.3 Fire Magic


You had 7 spell levels left.
You knew the following spells:

 Your Spells              Type           Power      Damage    Failure   Level
a - Foxfire               Conj/Fire      100%       2x1d9     1%          1
b - Scorch                Fire           58%        2d8       1%          2
c - Flame Wave            Conj/Fire      26%        2d8       11%         4
d - Dispel Undead         Necr           27%        3d13      10%         4

Your spell library contained the following spells:

 Spells                   Type           Power      Damage    Failure   Level
 Conjure Flame            Conj/Fire      26%        6-21      3%          3
 Inner Flame              Hex/Fire       17%        N/A       10%         3
 Sting                    Tmut/Pois      20%        1d4       12%         1
 Ignite Poison            Fire/Tmut/Pois 13%        N/A       14%         3
 Ensorcelled Hibernation  Hex/Ice        10%        N/A       19%         2
 Poisonous Vapours        Pois/Air       10%        N/A       19%         2
 Mephitic Cloud           Conj/Pois/Air  11%        N/A       19%         3
 Gell's Gravitas          Tloc           5%         N/A       34%         3
 Ozocubu's Armour         Ice            5%         N/A       34%         3
 Spider Form              Tmut/Pois      5%         N/A       34%         3
 Teleport Other           Tloc           5%         N/A       34%         3
 Anguish                  Hex/Necr       8%         N/A       34%         4
 Corpse Rot               Necr/Pois/Air  12%        N/A       45%         4
 Olgreb's Toxic Radiance  Pois           5%         N/A       75%         4
 Death Channel            Necr           13%        N/A       83%         6
 Freezing Cloud           Conj/Ice/Air   5%         6-21      86%         5
 Dispersal                Tloc           2%         N/A       100%        6
 Ozocubu's Refrigeration  Ice            2%         4d8       100%        7


Dungeon Overview and Level Annotations

Branches:
Dungeon (6/15) Zot: 2033   Temple (1/1) D:5 Zot: 528

Altars:
Cheibriados
Dithmenos
Elyvilon
Gozag
Hepliaklqana
Kikubaaqudgha
Nemelex Xobeh
Qazlal
Sif Muna
Trog
Yredelemnul
The Shining One

Shops:
D:3 (   D:4 (*!

Annotations:
D:4 1 runed translucent door, Crazy Yiuf, Dowan, Duvessa, Pikel


Innate Abilities, Weirdness & Mutations

You passively map a small area around you.
You are easily found by Zot.
You glow in the dark.
You regain HP and MP as you explore.


Message History

An orc comes into view. It is wielding a +0 short sword.
Casting: Foxfire (safe; 1% risk of failure)
Confirm with . or Enter, or press ? or * to list all spells.
Casting: Flame Wave (dangerous; 11% risk of failure)
Press: ? - help, Dir - look around, f - activate A wave of flame ripples out!
The flame wave engulfs your foxfire.
Your foxfire completely resists.
The flame wave engulfs the orc!
You kill the orc!
The flame wave engulfs your foxfire.
Your foxfire completely resists. (Press . to intensify the flame waves.)
The foxfire hits the orc priest.
The orc priest is lightly wounded.
The foxfire hits the orc priest!
The orc priest is severely wounded.
A wave of flame ripples out!
The flame wave engulfs the orc priest!
You kill the orc priest!
A wave of flame ripples out!
The flame wave engulfs the iguana!
The iguana is severely wounded.
You finish channelling waves of flame.
An adder comes into view.
The orc wizard mumbles some strange words.
The orc wizard flickers and vanishes!
Deactivating autopickup; reactivate with Ctrl-A.
Casting: Flame Wave (dangerous; 11% risk of failure)
Confirm with . or Enter, or press ? or * to list all spells.
Casting: Flame Wave (dangerous; 11% risk of failure)
Press: ? - help, Dir - look around, f - activate A wave of flame ripples out!
The flame wave engulfs the iguana but does no damage.
The iguana is severely wounded. (Press . to intensify the flame waves.)
The iguana bites you!
* * * LOW HITPOINT WARNING * * *
You feel better. The iguana bites you.
* * * LOW HITPOINT WARNING * * *
As you read the scroll of teleportation, it crumbles to dust.
You feel strangely unstable. The iguana bites you.
You die...

.# .# .# .# ############
.# #..........# .##
#..........# * ..###
#.$........## ....##
#....)....... * ###..##
####....@l{S.... *
###...###........)o.....
..........##.....).....#
,
#####.######.....<.:....,
* ###......#
#.......)..#. ..#......#
#..........# , ...(.....#
############, .........##
* , ...###....## * ,


You could see an iguana, an adder and an orc.

Vanquished Creatures
  A water moccasin (D:6)
  An orc warrior (D:6)
  2 black bears (D:6)
  A centaur (D:5)
  2 ogres
  2 scorpions
  A necrophage (D:5)
  A hound (D:5)
  2 orc priests (D:6)
  An orc wizard (D:4)
  4 gnolls (D:5)
  7 adders
  A white imp (D:3)
  2 ufetubi (D:5)
  2 worms
  2 dart slugs
  19 orcs
  3 endoplasms (D:1)
  3 goblins
  A hobgoblin (D:1)
  3 quokkas
  4 ball pythons
  2 bats (D:1)
  2 kobolds (D:1)
  2 rats (D:1)
71 creatures vanquished.

Vanquished Creatures (others)
  128 foxfires
  2 fungi (D:4)
130 creatures vanquished.

Grand Total: 201 creatures vanquished

Notes
Turn   | Place    | Note
-------+----------+-------------------------------------------
     0 | D:1      | hawla the Meteoran Fire Elementalist began the quest for
                  | the Orb.
     0 | D:1      | Reached XP level 1. HP: 14/14 MP: 5/5
    63 | D:1      | Reached XP level 2. HP: 19/20 MP: 3/6
   112 | D:1      | Reached skill level 4 in Fire Magic
   179 | D:1      | Learned a level 2 spell: Scorch
   279 | D:1      | Reached XP level 3. HP: 26/26 MP: 5/8
   363 | D:3      | Found Diptei's Antique Weapon Shop.
   425 | D:4      | Noticed a lemure
   426 | D:4      | Noticed Pikel
   431 | D:4      | Found a runed translucent door.
   432 | D:4      | Noticed Crazy Yiuf
   459 | D:4      | Found Inog's Distillery.
   467 | D:4      | Bought a potion of brilliance for 48 gold pieces
   480 | D:4      | Reached XP level 4. HP: 33/33 MP: 6/9
   485 | D:4      | Learned a level 4 spell: Flame Wave
   524 | D:4      | Found a white marble altar of Elyvilon.
   586 | D:4      | Found Cymavust's General Store.
   630 | D:4      | Noticed Dowan
   631 | D:4      | Noticed Duvessa
   685 | D:4      | Identified the +1 pair of gloves "Magroba" {Rampage
                  | *Corrode rF+ Str+2}
   789 | D:4      | Noticed an ogre
   792 | D:4      | Killed an ogre
   793 | D:4      | Reached XP level 5. HP: 38/38 MP: 3/10
   859 | D:4      | Reached skill level 5 in Fire Magic
   859 | D:4      | Reached XP level 6. HP: 21/45 MP: 6/12
   914 | D:4      | Found Laokovo's Weapon Boutique.
   952 | D:5      | Entered Level 5 of the Dungeon
   963 | D:5      | Noticed an ogre
   970 | D:5      | Killed an ogre
   971 | D:5      | Reached XP level 7. HP: 30/50 MP: 7/15
  1037 | D:5      | Reached skill level 5 in Spellcasting
  1037 | D:5      | Reached skill level 6 in Fire Magic
  1170 | D:5      | Reached skill level 5 in Conjurations
  1213 | D:5      | Found a staircase to the Ecumenical Temple.
  1224 | Temple   | Entered the Ecumenical Temple
  1478 | D:5      | Learned a level 4 spell: Dispel Undead
  1486 | D:6      | Reached skill level 1 in Necromancy
  1486 | D:6      | Reached XP level 8. HP: 58/58 MP: 5/17
  1520 | D:6      | Found a basalt altar of Yredelemnul.
  1627 | D:6      | Reached skill level 5 in Necromancy
  1637 | D:6      | Slain by an iguana

Illustrated notes

Levels and vault maps discovered:
D:1:      minmay_arrival_cross, layout_rooms, corexii_leaking_fountain
D:2:      layout_basic, basic_altar, grunt_decor_clamped, uniq_jessica
D:3:      layout_basic, mainiacjoe_overflow_alcove_2, serial_shops, shop,
          uniq_robin
D:4:      layout_loops_ring, elyvilon_altar_1, serial_shops, shop,
          nicolae_square_shop, shop, nicolae_take_the_stairs,
          uniq_crazy_yiuf_cottage, uniq_pikel, uniq_duvessa
D:5:      layout_rooms, minmay_temple_entry_mist, uniq_blork_the_orc
D:6:      layout_rooms, mainiacjoe_overflow_cross_hatched, kennysheep_mini
Temple:   eino_temple_lava

Skill      XL: |  1  2  3  4  5  6  7  8 |
---------------+-------------------------+-----
Spellcasting   | 3 4 5 |  5.6
Fire Magic     | 4 5 6 |  6.3
Conjurations   | 4 5 |  5.0
Dodging        | 3 |  3.3
Necromancy     | 1 5 |  5.9
Fighting       | |  0.5
Stealth        | |  1.5

Action                   |  1- 3 |  4- 6 |  7- 9 || total
-------------------------+-------+-------+-------++-------
Melee: Unarmed           |     5 |     7 |     7 ||    19
 Cast: Foxfire           |    27 |    16 |    35 ||    78
       Scorch            |     4 |    16 |    15 ||    35
       Flame Wave        |       |     2 |     5 ||     7
  Use: Scroll            |     4 |     2 |     1 ||     7
       Potion            |       |     1 |     3 ||     4
Armor: Robe              |     2 |     5 |    12 ||    19
Dodge: Dodged            |     5 |    18 |    17 ||    40
